 Dungeon Crawl Stone Soup version 0.17-a0-18-gc25b939 (console) character file.

38 MrRokkomies the Slasher (level 3, -3/24 HPs)
             Began as a High Elf Warper on Mar 6, 2015.
             Slain by Sigmund
             ... wielding a +2 scythe of slicing
              (5 damage)
             ... on level 2 of the Dungeon.
             The game lasted 00:04:18 (1780 turns).

MrRokkomies the Slasher (High Elf Warper)           Turns: 1780, Time: 00:04:18

Health: -3/24      AC:  6    Str: 10    XL:     3   Next: 25%
Magic:  5/8        EV: 13    Int: 18    God:
Gold:   48         SH:  0    Dex: 14    Spells: 3 memorised, 1 level left

rFire  + . .     SeeInvis .     a - +0 falchion
rCold  . . .     Clarity  .     m - +0 robe (curse)
rNeg   . . .     SustAb   .     (no shield)
rPois  .         Gourm    .     (no helmet)
rElec  .         Spirit   .     p - +0 cloak
rCorr  .         Warding  .     (no gloves)
rMut   .         Stasis   .     g - +2 pair of boots
MR     .....                    (no amulet)
Stlth  +.........               t - ring of protection from fire
                                l - ring of wizardry

@: shrouded (expiring), very slightly contaminated, not resistant to hostile
enchantments, very unstealthy
A: no striking features
a: no special abilities


You were on level 2 of the Dungeon.
You were very hungry.

You visited 1 branch of the dungeon, and saw 2 of its levels.

You collected 48 gold pieces.

Inventory:

Hand weapons
 a - a +0 falchion (weapon)
Missiles
 e - 5 tomahawks of dispersal
 j - 21 stones (quivered)
Armour
 b - a +0 leather armour
 g - a +2 pair of boots (worn)
 m - a cursed +0 robe (worn)
 p - a +0 cloak (worn)
Jewellery
 l - a ring of wizardry (left hand)
 t - a ring of protection from fire (right hand)
Magical devices
 s - a wand of confusion (30)
Scrolls
 d - a scroll of blinking
 o - a scroll of enchant armour
 u - a scroll of fear
Potions
 h - a potion of invisibility
 k - a potion of might {unknown}
 n - a potion of mutation {unknown}
 r - a potion of curing {unknown}
Books
 c - a book of Spatial Translocations

   Spells                             Type                      Level
   a - Apportation                    Translocation                1
   b - Blink                          Translocation                2
   c - Shroud of Golubria             Charms/Translocation         2
   d - Portal Projectile              Translocation                3
   e - Teleport Other                 Translocation                3
   f - Passage of Golubria            Translocation                4
Comestibles
 f - 3 bread rations
 i - a meat ration
 q - a slice of pizza


   Skills:
 - Level 2.0 Fighting
 * Level 3.7 Long Blades
 - Level 1.1 Throwing
 - Level 0.8 Armour
 * Level 3.1 Dodging
 - Level 2.4 Spellcasting
 - Level 3.2 Translocations


You had one spell level left.
You knew the following spells:

 Your Spells              Type           Power        Failure   Level  Hunger
a - Apportation           Tloc           ##........   2%          1    #......
b - Blink                 Tloc           N/A          4%          2    ##.....
c - Shroud of Golubria    Chrm/Tloc      #.........   6%          2    ##.....


Dungeon Overview and Level Annotations

Branches:
Dungeon (2/15)

Altars:
Elyvilon

Annotations:
D:2 Sigmund


Message History

Your shroud bends the giant gecko's attack away.
Your shroud bends its attack away.
You barely miss the giant gecko.
The giant gecko is moderately wounded.
The giant gecko barely misses you.
You closely miss the giant gecko.
The giant gecko is moderately wounded.
The giant gecko bites you but does no damage.
Something hits you. The giant gecko closely misses you.
You hit the giant gecko.
You kill the giant gecko!
You hear a zap.
Something tries to affect you, but you resist.
Your shroud begins to fray at the edges.
Something hits you!
Ouch! That really hurt!
* * * LOW HITPOINT WARNING * * *
x2 You see here a giant gecko corpse.
Something hits you.
You die...

######### #.....†@#
#.#####$# #.# #.#
#.#####.#######
##########.#.#...).....#
...............#.#####.#
.#########.....#.# .###
#.......# ...# ###.#####


There were no monsters in sight!

Vanquished Creatures
  A giant mite (D:1)
  5 giant geckos
  3 giant cockroaches (D:1)
  6 goblins
  2 hobgoblins (D:1)
  A ball python (D:1)
  A bat (D:2)
  A giant newt (D:2)
  4 kobolds (D:1)
  2 rats (D:1)
26 creatures vanquished.

Notes
Turn   | Place    | Note
--------------------------------------------------------------
     0 | D:1      | MrRokkomies, the High Elf Warper, began the quest for the Orb.
     0 | D:1      | Reached XP level 1. HP: 14/14 MP: 4/4
   505 | D:1      | Reached XP level 2. HP: 8/19 MP: 6/6
   509 | D:1      | Learned a level 2 spell: Blink
   512 | D:1      | Learned a level 2 spell: Shroud of Golubria
  1063 | D:1      | Reached XP level 3. HP: 24/24 MP: 6/8
  1427 | D:2      | Found a white marble altar of Elyvilon.
  1763 | D:2      | Noticed Sigmund
  1780 | D:2      | Slain by Sigmund

Action                   || total
-------------------------++-------
Melee: Falchion          ||    89
 Cast: Shroud of Golubri ||     5
  Use: Scroll            ||     3
  Eat: Chunk             ||     2
